 Dungeon Crawl Stone Soup version 0.15.0-13-gb296d5c (webtiles) character file.

74 DrPain the Cudgeler (level 4, -5/39 HPs)
             Began as a Minotaur Berserker on Sept 2, 2014.
             Was a Priest of Trog.
             Killed by nerve-wracking pain
             ... invoked by Grinder
              (8 damage)
             ... while paralysed by something
             ... on Level 3 of the Dungeon.
             The game lasted 00:04:33 (1502 turns).

DrPain the Cudgeler (Minotaur Berserker)            Turns: 1502, Time: 00:04:33

HP  -5/39        AC  5     Str 21      XL: 4   Next:  9%
MP   2/2         EV  2     Int  4      God: Trog [***...]
Gold 74          SH  0     Dex 11      Spells:  0 memorised,  3 levels left

rFire  . . .     SeeInvis .     a - +0 mace
rCold  . . .     Clarity  .     q - +0 ring mail
rNeg   . . .     rCorr    .     (no shield)
rPois  .         rRot     .     (helmet restricted)
rElec  .         Spirit   .     (no cloak)
SustAb .         Warding  .     (no gloves)
rMut   .         Stasis   .     (no boots)
Gourm  .                        (no amulet)
MR     .....                    (no ring)
                                (no ring)

@: paralysed, exhausted, slowed, not resistant to hostile enchantments, very
unstealthy
A: retaliatory headbutt, horns 2
a: Burn Spellbooks, Berserk, Trog's Hand, Renounce Religion


You were on level 3 of the Dungeon.
You worshipped Trog.
Trog was most pleased with you.
You were near starving.

You visited 1 branch of the dungeon, and saw 3 of its levels.

You collected 74 gold pieces.

Inventory:

Hand weapons
 a - a +0 mace (weapon)
Missiles
 e - 87 stones (quivered)
 g - 12 silver sling bullets
 r - 10 exploding sling bullets
Armour
 q - a +0 ring mail (worn)
Magical devices
 b - a wand of frost (6) {unknown}
Comestibles
 c - a bread ration
 d - 3 meat rations
Scrolls
 f - a scroll of fear {unknown}
 i - a scroll of teleportation {unknown}
 j - a scroll of fog {unknown}
 k - 2 scrolls of identify {unknown}
 m - 3 scrolls of amnesia {unknown}
 n - a scroll of recharging {unknown}
 o - a scroll of magic mapping {unknown}
Potions
 h - a potion of curing {unknown}
 l - 2 potions of agility {unknown}
 p - 2 potions of lignification {unknown}
 s - a potion of flight {unknown}


   Skills:
 - Level 3.6 Fighting
 + Level 6.0 Maces & Flails
 - Level 2.4 Armour
 - Level 2.1 Dodging


You had 3 spell levels left.
You didn't know any spells.

Dungeon Overview and Level Annotations

Branches:
Dungeon (3/15)

Altars:
Kikubaaqudgha
Okawaru

Annotations:
D:3 Grinder


Innate Abilities, Weirdness & Mutations

You reflexively headbutt those who attack you in melee.
You have a pair of horns on your head.


Message History

Something hits you but does no damage.
You shrug off the repeated paralysis!
Something hits you.
You writhe in agony.
You shrug off the repeated paralysis!
You can move again.
You miss something. Something hits you but does no damage. Something hits you.
You miss something. Something hits you.
You writhe in agony.
You writhe in agony.
You hit something. You headbutt something.
Something tries to affect you, but you resist.
Something hits you.
You writhe in agony.
* * * LOW HITPOINT WARNING * * *
You hit something. Your headbutt misses something.
You suddenly lose the ability to move!
Something hits you.
* * * LOW HITPOINT WARNING * * *
You writhe in agony.
* * * LOW HITPOINT WARNING * * *
Something tries to affect you, but you resist. x2
Pain shoots through your body!
You die...

..#.♣.♣ ##### #...(...
###...# #..♣.♣.♣.♣.#
......# #....._....#
###...# #..♣.♣.♣.♣.#
##.## ###..........# #.#
.....#.♣.♣.#.#
####.#######.........####
#...............@.......?
......(....######.#######
..##.#####.# .# ####.#
#.# .# # #.# #.# .#
####.# #.# .# .....# #.#
.# ###### #.# .# # #.# .


There were no monsters in sight!

Vanquished Creatures
  A giant mite (D:1)
  A worm (D:2)
  An ooze (D:1)
  4 giant geckos
  8 bats
  4 giant cockroaches
  5 goblins
  5 hobgoblins
  6 jackals (D:2)
  5 kobolds
  A quokka (D:2)
  A ball python (D:3)
  6 rats
48 creatures vanquished.

Vanquished Creatures (others)
  A human (D:2)
1 creature vanquished.

Grand Total: 49 creatures vanquished

Notes
Turn   | Place    | Note
--------------------------------------------------------------
     0 | D:1      | DrPain, the Minotaur Berserker, began the quest for the Orb.
     0 | D:1      | Reached XP level 1. HP: 19/19 MP: 1/1
    21 | D:1      | Reached skill level 4 in Maces & Flails
    78 | D:1      | Reached XP level 2. HP: 26/26 MP: 1/1
   565 | D:1      | Acquired Trog's second power
   565 | D:1      | Reached skill level 5 in Maces & Flails
   840 | D:1      | Reached XP level 3. HP: 23/31 MP: 2/2
   977 | D:2      | Found an ancient bone altar of Kikubaaqudgha.
  1155 | D:2      | Reached XP level 4. HP: 16/39 MP: 2/2
  1327 | D:2      | Noticed a human
  1328 | D:2      | Killed a human
  1431 | D:3      | Reached skill level 6 in Maces & Flails
  1483 | D:3      | Noticed Grinder
  1484 | D:3      | Found an iron altar of Okawaru.
  1491 | D:3      | Paralysed by something for 5 turns
  1499 | D:3      | Paralysed by something for 7 turns
  1502 | D:3      | Killed from afar by Grinder

Action                   |  1- 3 |  4- 6 || total
-------------------------+-------+-------++-------
Melee: Mace              |    84 |    14 ||    98
Invok: Berserk           |     1 |     1 ||     2
       Burn Spellbooks   |     1 |       ||     1
  Eat: Chunk             |     2 |       ||     2
